 Dungeon Crawl Stone Soup version 0.26-a0-598-g61e6210cf4 (webtiles) character file.

Game seed: 6453105888228994875

22 Conn the Magician (level 2, 0/25 HPs)
             Began as an Octopode Hedge Wizard on Aug 28, 2020.
             Slain by a shadow imp (5 damage)
             ... summoned by Natasha
             ... on level 2 of the Dungeon.
             The game lasted 00:02:37 (930 turns).

Conn the Magician (Octopode Hedge Wizard)            Turns: 930, Time: 00:02:37

Health: 0/25       AC:  1    Str:  9    XL:     2   Next: 91%
Magic:  6/6        EV: 13    Int: 16    God:
Gold:   30         SH:  0    Dex: 11    Spells: 6/7 levels left

rFire    . . .     SeeInvis .   c - +0 short sword (elec)
rCold    . . .     Faith    .   (no shield)
rNeg     . . .     Spirit   .   b - +0 hat
rPois    .         Reflect  .   h - amulet of inaccuracy (curse)
rElec    .         Harm     .   (no ring)
rCorr    .                      (no ring)
MR       .....                  (no ring)
Stlth    ..........             (no ring)
HPRegen  0.08/turn              (no ring)
MPRegen  0.10/turn              (no ring)
                                (no ring)
                                (no ring)

@: berserking, very quick
A: almost no armour, stealthy swim, amphibious, 8 rings, constrict 8, camouflage
1, gelatinous body 1
a: no special abilities


You were on level 2 of the Dungeon.
You visited 1 branch of the dungeon, and saw 2 of its levels.

You collected 30 gold pieces.

Inventory:

Hand Weapons
 a - a +1 dagger
 c - a +0 short sword of electrocution (weapon)
Armour
 b - a +0 hat (worn)
Jewellery
 h - a cursed amulet of inaccuracy (around mantle)
Scrolls
 d - a scroll of fog {unknown}
 e - a scroll of remove curse {unknown}
 f - 2 scrolls of blinking
Potions
 i - a potion of magic {unknown}


   Skills:
 + Level 2.3 Dodging
 + Level 3.4 Stealth
 + Level 3.4 Spellcasting
 + Level 1.0 Conjurations
   Level 1.0 Summonings
   Level 1.0 Translocations


You had 6 spell levels left.
You knew the following spells:

 Your Spells              Type           Power        Failure   Level
a - Magic Dart            Conj           #...         12%         1

Your spell library contained the following spells:

 Spells                   Type           Power        Failure   Level
 Blink                    Tloc           N/A          19%         2
 Call Imp                 Summ           #.......     19%         2
 Slow                     Hex            #.......     26%         2
 Conjure Flame            Conj/Fire      #.......     41%         3
 Mephitic Cloud           Conj/Pois/Air  #.......     43%         3


Dungeon Overview and Level Annotations

Branches:
Dungeon (1/15)

Altars:

Annotations:
D:2 Natasha


Innate Abilities, Weirdness & Mutations

You cannot wear most types of armour.
You are very stealthy in the water. (Stealth+)
You are amphibious.
You can wear up to eight rings at the same time.
You can use your tentacles to constrict eight enemies at once.
Your skin changes colour to match your surroundings (Stealth+).
Your rubbery body absorbs attacks. (AC +1, EV +1)


Message History

You hit the shadow imp but do no damage.
You squeeze the shadow imp, but do no damage.
You constrict the shadow imp.
Natasha wildly gestures.
Natasha shimmers violently.
The shadow imp closely misses you.
You closely miss the shadow imp.
The shadow imp is lightly wounded.
You constrict the shadow imp, but do no damage.
The shadow imp shouts, "Scamper hence, thou frothy flat-headed jarkman!"
The shadow imp hits you.
You completely miss the shadow imp.
The shadow imp is lightly wounded.
You constrict the shadow imp. The shadow imp hits you.
* * * LOW HITPOINT WARNING * * *
It was a potion of berserk rage.
A red film seems to cover your vision as you go berserk!
You feel yourself moving faster!
You feel mighty!
You constrict the shadow imp. The shadow imp hits you.
You die...

### #.. #.#
#.# #.# #h#
#5#####
#@#...
##.#.########
#?...........
####.########
#.# #.# #.#
#.#
#.###########


You could see Natasha and a shadow imp (summoned).

Vanquished Creatures
  A worm (D:2)
  2 dart slugs
  A bat (D:1)
  A giant cockroach (D:2)
  2 hobgoblins (D:2)
  2 jackals (D:1)
  2 kobolds (D:2)
  A frilled lizard (D:1)
  2 goblins (D:1)
14 creatures vanquished.

Notes
Turn   | Place    | Note
-------+----------+-------------------------------------------
     0 | D:1      | Conn the Octopode Hedge Wizard began the quest for the Orb.
     0 | D:1      | Reached XP level 1. HP: 11/11 MP: 4/4
   449 | D:1      | Reached XP level 2. HP: 17/17 MP: 6/6
   608 | D:1      | You fall into a shaft and drop 1 floor!
   921 | D:2      | Noticed Natasha
   930 | D:2      | Slain by a shadow imp

Illustrated notes

Levels and vault maps discovered:
D:1:      giann_horns, layout_basic
D:2:      layout_basic, uniq_jessica, uniq_natasha

Skill      XL: |  1  2 |
---------------+-------+-----
Stealth        | 3 |  3.4
Dodging        | |  2.3
Spellcasting   | |  3.4
Conjurations   | |  1.0
Summonings     | |  1.0
Translocations | |  1.0

Action                   || total
-------------------------++-------
Melee: Dagger            ||    22
       Constrict         ||     9
       Short sword       ||    17
       Tentacles         ||     4
 Cast: Magic Dart        ||    11
  Use: Scroll            ||     4
       Potion            ||     1
 Stab: Sleeping          ||     1
Armor: Skin              ||     2
Dodge: Dodged            ||    20

Table legend: (Time is in decaauts)
 A = Elapsed time spent in this place.
 B = Non-inter-level travel time spent in this place.
 C = Inter-level travel time spent in this place.
 D = Time resting spent in this place.
 E = Time spent auto-exploring this place.
 F = Levels seen in this place.
 G = Mean time per level.
                   A        B        C        D        E       F      G
               +--------+--------+--------+--------+--------+-----+--------+
         Total |    931 |    931 |      0 |    255 |    449 |   2 |  465.5 |
       Dungeon |    931 |    931 |      0 |    255 |    449 |   2 |  465.5 |
               +--------+--------+--------+--------+--------+-----+--------+

Top non-repeatable levels by time:
     D:1: 608 daAuts
     D:2: 323 daAuts
